 Dungeon Crawl Stone Soup version 0.30-a0-802-gb92711bcdf (webtiles) character file.

Game seed: 18345015679568890366

172 Newt the Trooper (level 5, 0/42 HPs)
             Began as a Demonspawn Gladiator on Feb 24, 2023.
             Slain by a gnoll
             ... wielding a +1 whip of electrocution
              (15 damage)
             ... on level 4 of the Dungeon.
             The game lasted 00:03:31 (3672 turns).

Newt the Trooper (Demonspawn Gladiator)             Turns: 3672, Time: 00:03:32

Health: 0/42       AC:  6    Str: 16    XL:     5   Next: 27%
Magic:  5/5        EV: 12    Int: 10    God:
Gold:   54         SH:  6    Dex: 14    Spells: 4/4 levels left

rFire   + . .      SeeInvis .    a - +0 rapier
rCold   . . .      Faith    .    (no shield)
rNeg    . . .      Spirit   .    b - +0 leather armour
rPois   .          Reflect  .    c - +1 helmet
rElec   .          Harm     .    r - +0 cloak
rCorr   .          Rampage  .    (no gloves)
Will    .....                    (no boots)
Stlth   ++                       (no amulet)
HPRegen 0.27/turn                k - ring of protection from fire
MPRegen 0.09/turn                (no ring)

@: no status effects
A: large bone plates 2, demonic magic 2
a: no special abilities


You were on level 4 of the Dungeon.
You visited 1 branch of the dungeon, and saw 4 of its levels.

You collected 165 gold pieces.
You spent 111 gold pieces at shops.

Inventory:

Hand Weapons
 a - a +0 rapier (weapon)
Missiles
 d - 2 throwing nets (quivered)
Armour
 b - a +0 leather armour (worn)
 c - a +1 helmet (worn)
 r - a +0 cloak (worn)
Jewellery
 k - a ring of protection from fire (left hand)
 q - a ring of ice
Scrolls
 j - 2 scrolls of magic mapping
 p - 2 scrolls of enchant weapon
 s - a scroll of vulnerability
Potions
 g - a potion of haste
 h - 4 potions of curing
 i - a potion of cancellation
 l - a potion of lignification
 m - a potion of flight {unknown}
 n - 2 potions of brilliance {unknown}
 t - a potion of magic {unknown}


   Skills:
 - Level 4.0 Fighting
 - Level 4.0 Short Blades
 + Level 2.0 Throwing
 - Level 2.6 Dodging
 - Level 1.5 Stealth


You had 4 spell levels left.
You didn't know any spells.
Your spell library contained the following spells:

 Spells                   Type           Power      Damage    Failure   Level
 Summon Lightning Spire   Summ/Air       0%         N/A       99%         4
 Freezing Cloud           Conj/Ice/Air   0%         6-21      100%        5
 Simulacrum               Ice/Necr       0%         N/A       100%        6
 Storm Form               Tmut/Air       0%         N/A       100%        7
 Maxwell's Capacitive Co  Air            0%         ∞         100%        8
 Polar Vortex             Ice            0%         N/A       100%        9


Dungeon Overview and Level Annotations

Branches:
Dungeon (4/15)
 Temple: D:4-7

Altars:

Shops:
D:3 [*?

Annotations:
D:3 3 runed translucent doors, cforsyth's ghost, amateur KoGl


Innate Abilities, Weirdness & Mutations

You are mostly covered in large bone plates. (SH +6)
Spells you cast may paralyse nearby enemies.


Message History

The orc is moderately wounded.
The orc misses you.
You hit the orc.
The orc is heavily wounded.
The orc barely misses you.
The gnoll hits you from afar with a +0 spear.
You hit the orc but do no damage.
The orc is heavily wounded.
The orc hits you with a +0 flail.
The gnoll splashes around in the water.
You puncture the orc!
You kill the orc!
You block the gnoll's attack.
You hit the gnoll.
The gnoll is lightly wounded.
The gnoll hits you with a +1 whip of electrocution.
The gnoll splashes around in the water.
The gnoll closely misses you.
Throw: 4 throwing nets
Press: ? - help, Q - select action Shift-Dir - straight line, f/p - gnoll
Aim: a gnoll, wielding a +0 spear (lightly wounded, 65% to hit)
You throw a throwing net. The throwing net hits the gnoll.
The gnoll is caught in the net!
The gnoll is lightly wounded.
You hear a splash.
The gnoll hits you with a +1 whip of electrocution.
The gnoll struggles against the net.
The gnoll barely misses you.
Throw: 3 throwing nets
Press: ? - help, Q - select action Shift-Dir - straight line, f - gnoll, p - gnoll
Aim: a gnoll, wielding a +1 whip of electrocution (lightly wounded, 65% to hit)
You throw a throwing net.
The throwing net completely misses the gnoll.
The throwing net hits the gnoll.
The gnoll is caught in the net!
The gnoll hits you with a +1 whip of electrocution.
* * * LOW HITPOINT WARNING * * *
You are electrocuted!
* * * LOW HITPOINT WARNING * * *
The gnoll struggles against the net.
You feel much better.
The gnoll struggles against the net.
The gnoll hits you with a +1 whip of electrocution!
You are electrocuted!
You die...

###############
......#....#...
.....g'....'...
......#....#...
#############''''###
#.....@gg)...(.......
#~~~~~≈≈g~~~~....~~~~
≈~≈≈~≈≈≈≈≈≈~≈~....~≈≈≈
~~≈~~~~~~≈~~~~(...~~~~
......................
########.............#
#...............
#.........>....
#.....†...#....


You could see 3 gnolls.

Vanquished Creatures
  A jelly (D:3)
  5 gnolls
  A worm (D:3)
  A dart slug (D:3)
  10 orcs
  6 endoplasms
  5 giant cockroaches
  3 hobgoblins
  8 jackals
  5 quokkas
  6 ball pythons
  4 bats
  2 frilled lizards (D:2)
  5 goblins
  6 kobolds
  7 rats
75 creatures vanquished.

Notes
Turn   | Place    | Note
-------+----------+-------------------------------------------
     0 | D:1      | Newt the Demonspawn Gladiator began the quest for the Orb.
     0 | D:1      | Reached XP level 1. HP: 16/16 MP: 1/1
    60 | D:1      | Reached skill level 1 in Stealth
   206 | D:1      | Gained mutation: Spells you cast may paralyse adjacent
                  | enemies. [demonic ancestry]
   206 | D:1      | Reached XP level 2. HP: 22/22 MP: 2/2
  1016 | D:2      | Noticed an eye of devastation
  1024 | D:2      | Found a faded altar of an unknown god.
  1028 | D:2      | Noticed a golden eye
  1032 | D:2      | Noticed a great orb of eyes
  1035 | D:2      | Noticed a floating eye
  1268 | D:2      | Gained mutation: You are partially covered in large bone
                  | plates. (SH +4) [demonic ancestry]
  1268 | D:2      | Reached XP level 3. HP: 29/29 MP: 3/3
  1511 | D:3      | Gained mutation: You are mostly covered in large bone
                  | plates. (SH +6) [demonic ancestry]
  1511 | D:3      | Reached XP level 4. HP: 23/37 MP: 4/4
  1866 | D:3      | Found Zauru's Antique Armour Shoppe.
  1967 | D:3      | Found Ypyll's Magic Scroll Boutique.
  1977 | D:3      | Bought a scroll of enchant weapon for 75 gold pieces
  2559 | D:3      | Found a runed translucent gate.
  2559 | D:3      | Found a runed translucent gate.
  2559 | D:3      | Found a runed translucent gate.
  2560 | D:3      | Found Detemm's Assorted Antiques.
  2566 | D:3      | Bought a scroll labelled OMUDACKAUK for 18 gold pieces
  2566 | D:3      | Bought a scroll labelled XEOKEY HOUPT for 18 gold pieces
  2804 | D:3      | Identified the +1 short sword "Noceup" {vamp, rPois rN+++
                  | rCorr Str-3 Dex-5}
  2804 | D:3      | Identified the +3 leather armour of Love and Death {rN+}
  2804 | D:3      | Noticed cforsyth's ghost (amateur KoGl)
  3243 | D:3      | Gained mutation: Spells you cast may paralyse nearby
                  | enemies. [demonic ancestry]
  3243 | D:3      | Reached XP level 5. HP: 23/42 MP: 5/5
  3671 | D:4      | HP: 1/42 [gnoll/+1 whip of electrocution (9)]
  3672 | D:4      | Slain by a gnoll

Illustrated notes

Levels and vault maps discovered:
D:1:      heliophobic_arrival_henge, layout_basic, st_stairs_1,
          minmay_misc_feat_hallway
D:2:      layout_rooms, hellmonk_ecumenical_altar_watching_god
D:3:      layout_basic, biasface_ghost_orc_armoury, serial_shops,
          nicolae_shop_trees, shop, shop, chequers_serial_rivers_micro_e,
          kennysheep_generic_room_5
D:4:      lemuel_castle_with_subvaults [lemuel_castle_interior_carwin_1],
          layout_basic, lemuel_tele_altar, minmay_fractal_squares_5

Skill      XL: |  1  2  3  4  5 |
---------------+----------------+-----
Stealth        | 1 |  1.5
Fighting       | 3 4 |  4.0
Short Blades   | 3 4 |  4.0
Throwing       | 2 |  2.0
Dodging        | |  2.6

Action                     |  1- 3 |  4- 6 || total
---------------------------+-------+-------++-------
  Melee: Rapier            |   104 |   148 ||   252
         Punch             |     2 |     2 ||     4
  Throw: Javelin           |       |     6 ||     6
         Throwing net      |       |     2 ||     2
    Use: Scroll            |     6 |     6 ||    12
         Potion            |       |     2 ||     2
   Stab: Sleeping          |     2 |       ||     2
 Armour: Leather armour    |    29 |    42 ||    71
         Skin              |       |    12 ||    12
  Dodge: Dodged            |    65 |   117 ||   182
  Block: Other             |     3 |    49 ||    52

Table legend: (Time is in decaauts)
 A = Elapsed time spent in this place.
 B = Non-inter-level travel time spent in this place.
 C = Inter-level travel time spent in this place.
 D = Time resting spent in this place.
 E = Time spent auto-exploring this place.
 F = Levels seen in this place.
 G = Mean time per level.
                   A        B        C        D        E       F      G
               +--------+--------+--------+--------+--------+-----+--------+
         Total |   3691 |   3538 |    153 |    805 |   2143 |   4 |  922.8 |
       Dungeon |   3691 |   3538 |    153 |    805 |   2143 |   4 |  922.8 |
               +--------+--------+--------+--------+--------+-----+--------+

Top non-repeatable levels by time:
     D:3: 2051 daAuts
     D:1: 968 daAuts
     D:2: 533 daAuts
     D:4: 137 daAuts
